 Dungeon Crawl Stone Soup version 0.29-a0-284-gf9362112df (webtiles) character file.

Game seed: 2085610539196909624

12031 experimilk the Zephyrmancer (level 11, -6/74 HPs)
             Began as a Yellow Draconian Air Elementalist on Mar 22, 2022.
             Was a Priest of Sif Muna.
             Mangled by an efreet
             ... wielding a +0 scimitar of flaming
              (10 damage)
             ... in a volcano.
             The game lasted 00:50:54 (16725 turns).

experimilk the Zephyrmancer (DrAE)                 Turns: 16725, Time: 00:50:55

Health: -6/74      AC: 11    Str: 22    XL:     11   Next: 57%
Magic:  17/24      EV: 12    Int: 19    God:    Sif Muna [***...]
Gold:   659        SH:  8    Dex: 17    Spells: 10/29 levels left

rFire   . . .      SeeInvis +   h - +4 whip (drain)
rCold   + . .      Faith    .   I - +3 buckler of a bailey {Str+6}
rNeg    . . .      Spirit   .   (body armour unavailable)
rPois   .          Reflect  .   P - +0 hat {Stlth+}
rElec   .          Harm     .   (no cloak)
rCorr   +          Rampage  .   m - +1 pair of gloves
Will    .....                   e - +1 pair of boots
Stlth   +++.......              k - amulet of magic regeneration
HPRegen 0.22/turn               G - ring of protection from cold
MPRegen 0.59/turn               s - ring of the Jackalope {Str+4 Dex+6 SInv}

@: no status effects
A: spit acid, AC +7, unfitting armour, cold-blooded, acid resistance
a: Breathe Acid, Renounce Religion, Channel Magic, Forget Spell


You were in a volcano.
You worshipped Sif Muna.
Sif Muna was most pleased with you.
You visited 3 branches of the dungeon, and saw 13 of its levels.
You also visited: Volcano.

You collected 659 gold pieces.

Inventory:

Hand Weapons
 h - a +4 whip of draining (weapon)
 L - the +10 spear of Descent {spect, Dex+3}
   (You found it on level 10 of the Dungeon)

   When its wielder attacks, the weapon's spirit leaps out and strikes again.
   The spirit shares a part of any damage it takes with its wielder.
   Dex:       It affects your dexterity (+3).
Missiles
 d - 6 silver javelins
Armour
 e - a +1 pair of boots (worn)
 m - a +1 pair of gloves (worn)
 o - an orb of guile
 y - a scarf of harm
 I - the +3 buckler of a bailey (worn) {Str+6}
   (You found it on level 10 of the Dungeon)

   Str:       It affects your strength (+6).
 P - a +0 hat of stealth (worn)
Jewellery
 k - an amulet of magic regeneration (around neck)
 q - a ring of flight
 s - the ring of the Jackalope (right hand) {Str+4 Dex+6 SInv}
   (You acquired it on level 1 of the Lair of Beasts)

   [ring of dexterity]

   Str:       It affects your strength (+4).
   Dex:       It affects your dexterity (+6).
   SInv:      It lets you see invisible.
 F - a ring of ice
 G - a ring of protection from cold (left hand)
 K - a ring of ice
 N - an amulet of guardian spirit
 O - a +4 ring of evasion
Wands
 f - a wand of digging (11)
 l - a wand of flame (26)
 n - a wand of paralysis (12)
 u - a wand of acid (7)
 w - a wand of mindburst (8)
 M - a wand of polymorph (4)
Scrolls
 i - a scroll of immolation
 j - 3 scrolls of amnesia
 t - 4 scrolls of teleportation
 D - a scroll of torment {unknown}
Potions
 a - a potion of magic
 b - 2 potions of curing
 c - 2 potions of brilliance
 g - a potion of might {unknown}
 p - 6 potions of attraction
 r - 3 potions of lignification
 A - 2 potions of mutation {unknown}
 B - 3 potions of flight {unknown}
 C - a potion of berserk rage {unknown}
 E - 2 potions of resistance {unknown}
 J - 3 potions of invisibility {unknown}
Miscellaneous
 H - a condenser vane (inert)


   Skills:
 - Level 3.0 Dodging
 - Level 1.7 Stealth
 + Level 3.0 Shields
 + Level 9.9 Spellcasting
 - Level 6.0 Conjurations
 - Level 3.0 Hexes
 * Level 0.7 Summonings
 - Level 12.0 Air Magic
 - Level 3.0 Invocations
 + Level 5.1 Evocations


You had 10 spell levels left.
You knew the following spells:

 Your Spells              Type           Power      Damage    Failure   Level
a - Shock                 Conj/Air       100%       1d9       1%          1
b - Confusing Touch       Hex            20%        N/A       9%          3
d - Airstrike             Air            26%        N/A       1%          4
q - Call Canine Familiar  Summ           12%        N/A       22%         3
s - Static Discharge      Conj/Air       43%        N/A       1%          2
w - Summon Guardian Gole  Hex/Summ       16%        N/A       14%         3
z - Swiftness             Air            53%        N/A       1%          3

Your spell library contained the following spells:

 Spells                   Type           Power      Damage    Failure   Level
 Slow                     Hex            80%        N/A       3%          1
 Summon Small Mammal      Summ           48%        N/A       8%          1
 Ensorcelled Hibernation  Hex/Ice        30%        N/A       9%          2
 Passwall                 Tmut/Erth      7%         N/A       16%         2
 Scorch                   Fire           18%        2d6       16%         2
 Sublimation of Blood     Necr           9%         N/A       16%         2
 Flame Wave               Conj/Fire      20%        2d7       28%         4
 Vampiric Draining        Necr           9%         2d6       30%         3
 Irradiate                Conj/Tmut      10%        3d17      63%         5
 Petrify                  Tmut/Erth      9%         N/A       69%         4
 Orb of Destruction       Conj           16%        9d7       100%        7
 Spellforged Servitor     Conj/Summ      11%        N/A       100%        7
 Necromutation            Tmut/Necr      4%         N/A       100%        8


Dungeon Overview and Level Annotations

Branches:
Dungeon (11/15)            Temple (1/1) D:5            Lair (1/6) D:11
Volcano (1/1)
    Orc: D:9-12

Altars:
Ashenzari
Cheibriados
Dithmenos
Elyvilon
Fedhas
Gozag
Hepliaklqana
Kikubaaqudgha
Makhleb
Nemelex Xobeh
Okawaru
Qazlal
Ru
Sif Muna
Trog
Uskayaw
Vehumet
Wu Jian
Xom
Yredelemnul
Zin
The Shining One

Shops:
D:3 :

Annotations:
D:2 Sigmund
D:7 2 transporters, ooooo's ghost, journeyman OpCj
D:9 3 runed translucent doors, spaghetti's ghost, novice DsBe


Innate Abilities, Weirdness & Mutations

You can spit globs of acid.
Your golden yellow scales are hard. (AC +7)
You cannot fit into any form of body armour.
You are cold-blooded and may be slowed by cold attacks.
You are resistant to acid. (rCorr)


Message History

The bolt of fire hits you!
Casting: Static Discharge (safe; 1% risk of failure)
Confirm with . or Enter, or press ? or * to list all spells.
Aiming: Airstrike (mildly dangerous; 1% risk of failure)
Press: ? - help, Dir - move target, f - efreet
Aim: an efreet, wielding a +3 scimitar of flaming (lava, empty space bonus: 7/8)
The air twists around and strikes the efreet!
The efreet is moderately wounded.
Casting: Airstrike (mildly dangerous; 1% risk of failure)
Confirm with . or Enter, or press ? or * to list all spells.
The efreet is struck by an arc of lightning!
The efreet is moderately wounded.
The lightning grounds out.
Casting: Static Discharge (safe; 1% risk of failure)
Confirm with . or Enter, or press ? or * to list all spells.
The efreet is struck by an arc of lightning!
The efreet is severely wounded.
You are struck by an arc of lightning.
The efreet is struck by an arc of lightning.
The efreet is severely wounded.
The lightning grounds out.
The efreet hits you with a +0 scimitar of flaming!
The efreet burns you.
Casting: Static Discharge (safe; 1% risk of failure)
Confirm with . or Enter, or press ? or * to list all spells.
The efreet is struck by an arc of lightning!
The efreet is almost dead.
You are struck by an arc of lightning.
The fire elemental hits you. The fire elemental burns you!
The fire elemental hits you. The fire elemental burns you!
The efreet gestures at you. The bolt of fire hits you!!
* * * LOW HITPOINT WARNING * * *
The efreet gestures at you.
The bolt of fire hits the fire elemental.
The fire elemental completely resists.
The bolt of fire misses you.
You feel better. The fire elemental hits you. The fire elemental burns you!
* * * LOW HITPOINT WARNING * * *
The efreet hits you with a +0 scimitar of flaming!
You die...

##...##
#....≈##
#....§§# ###
..∩.§≈# ###≈≈#
#...≈≈#
#≈≈§§≈##...≈≈#
≈≈v≈≈≈#R...≈≈#
..≈≈○RE@.∩..§#
...≈..#....§§#
##.§v ##...≈##
##§ ##.### #
###


You could see 2 efreet, a fire elemental and 2 fire vortices.

Vanquished Creatures
  Gastronok (D:11)
  2 boulder beetles (D:11)
  A two-headed ogre (D:9)
  A manticore (D:11)
  A kobold demonologist (D:10)
  An unseen horror (D:11)
  A hornet (D:7)
  4 trolls
  A wraith (D:10)
  2 vampires
  A shadow (D:9)
  12 yaks
  2 steam dragons
  Grum (D:9)
  A water moccasin (D:6)
  3 orc warriors
  2 ice beasts (D:6)
  3 black bears
  4 ogres
  2 wolves
  A centaur (D:7)
  A phantom (D:4)
  3 kobold brigands (D:8)
  6 bullfrogs
  A necrophage (D:6)
  2 gnoll sergeants
  A scorpion (D:5)
  12 wights (D:9)
  5 killer bees (D:10)
  2 electric eels (D:11)
  5 howler monkeys
  6 orc priests
  A gnoll shaman (D:8)
  12 hounds
  3 jellies
  2 iguanas
  6 orc wizards
  A mummy (D:5)
  11 gnolls
  6 adders
  A shadow imp (D:6)
  5 ufetubi
  2 worms (D:2)
  5 dart slugs
  22 orcs
  3 ball pythons
  3 bats
  6 endoplasms
  A giant cockroach (D:1)
  3 goblins
  7 hobgoblins
  6 jackals
  20 kobolds
  3 quokkas
  2 frilled lizards
  2 kobold zombies (D:5)
  2 orc zombies (D:5)
  7 rats
233 creatures vanquished.

Vanquished Creatures (others)
  A fungus (D:1)
1 creature vanquished.

Grand Total: 234 creatures vanquished

Notes
Turn   | Place    | Note
-------+----------+-------------------------------------------
     0 | D:1      | experimilk the Draconian Air Elementalist began the quest
                  | for the Orb.
     0 | D:1      | Reached XP level 1. HP: 14/14 MP: 3/3
   400 | D:1      | Reached XP level 2. HP: 20/20 MP: 3/5
   792 | D:1      | Learned a level 2 spell: Static Discharge
  1347 | D:2      | Noticed Sigmund
  1406 | D:2      | Reached skill level 4 in Air Magic
  1461 | D:2      | Reached XP level 3. HP: 24/26 MP: 2/6
  1602 | D:1      | Learned a level 3 spell: Swiftness
  2054 | D:2      | Found a faded altar of an unknown god.
  2562 | D:3      | Reached XP level 4. HP: 33/33 MP: 4/7
  2583 | D:3      | Found a shadowy altar of Dithmenos.
  2624 | D:3      | Found Irumack's Book Shoppe.
  2629 | D:3      | Found a hide-covered altar of Uskayaw.
  3239 | D:3      | Reached XP level 5. HP: 20/38 MP: 2/8
  3394 | D:3      | Reached skill level 5 in Air Magic
  3984 | D:4      | Noticed a phantom
  4226 | D:4      | Killed a phantom
  4227 | D:4      | Reached XP level 6. HP: 29/45 MP: 1/10
  4561 | D:4      | Learned a level 4 spell: Airstrike
  4784 | D:4      | Reached skill level 6 in Air Magic
  4998 | D:4      | Found a sacrificial altar of Ru.
  5367 | D:5      | Entered Level 5 of the Dungeon
  5419 | D:5      | Found a staircase to the Ecumenical Temple.
  5439 | Temple   | Entered the Ecumenical Temple
  5568 | Temple   | Became a worshipper of Sif Muna the Loreminder
  5623 | D:5      | Your scales start taking on a golden yellow colour.
  5623 | D:5      | Reached XP level 7. HP: 43/50 MP: 4/11
  5623 | D:5      | Gained mutation: You are resistant to acid. (rCorr) [Yellow
                  | Draconian growth]
  6873 | D:5      | Reached skill level 7 in Air Magic
  7198 | D:5      | Reached XP level 8. HP: 55/57 MP: 10/13
  7276 | D:6      | Reached skill level 5 in Conjurations
  7276 | D:6      | Reached * piety under Sif Muna
  7462 | D:6      | Reached skill level 8 in Air Magic
  7586 | D:6      | Reached skill level 5 in Spellcasting
  8002 | D:6      | Reached XP level 9. HP: 62/62 MP: 0/16
  8249 | D:7      | Reached ** piety under Sif Muna
  8251 | D:7      | Reached skill level 9 in Air Magic
  8558 | D:7      | Found a transporter.
  8930 | D:7      | Got Sif Muna's Reference Book on Torrid Changing
  8945 | D:7      | Reached skill level 1 in Invocations
  8953 | D:7      | Reached skill level 1 in Evocations
  9191 | D:7      | Identified the +1 dire flail of Qazlal's Whim {spect, Will+
                  | rCorr}
  9191 | D:7      | Noticed ooooo's ghost (journeyman OpCj)
  9193 | D:7      | Found a transporter.
  9269 | D:7      | Found a burning altar of Makhleb.
  9271 | D:7      | Found an ornate altar of the Wu Jian Council.
  9279 | D:7      | Found a hazy altar of Hepliaklqana.
  9279 | D:7      | Found a stormy altar of Qazlal.
  9279 | D:7      | Found a radiant altar of Vehumet.
  9280 | D:7      | Found a bloodstained altar of Trog.
  9280 | D:7      | Found a glowing silver altar of Zin.
  9281 | D:7      | Found a blossoming altar of Fedhas.
  9282 | D:7      | Found a snail-covered altar of Cheibriados.
  9283 | D:7      | Found a shimmering altar of Xom.
  9607 | D:8      | HP: 3/62 [bullfrog (4)]
 10178 | D:8      | Noticed a troll
 10202 | D:8      | Killed a troll
 10416 | D:8      | Noticed a troll
 10430 | D:8      | Killed a troll
 10759 | D:8      | You fall into a shaft and drop 1 floor!
 10759 | D:9      | Noticed Grum
 10763 | D:9      | Reached skill level 10 in Air Magic
 11242 | D:8      | Reached XP level 10. HP: 69/69 MP: 15/20
 12180 | D:9      | Killed Grum
 12180 | D:9      | Reached *** piety under Sif Muna
 12447 | D:9      | Noticed a two-headed ogre
 12448 | D:9      | Noticed a brown ugly thing
 12451 | D:9      | Found a runed translucent gate.
 12451 | D:9      | Found a runed translucent gate.
 12451 | D:9      | Found a runed translucent gate.
 12458 | D:9      | Noticed spaghetti's ghost (novice DsBe)
 12768 | D:9      | Reached skill level 11 in Air Magic
 13647 | D:9      | Noticed a two-headed ogre
 13654 | D:9      | Killed a two-headed ogre
 13655 | D:9      | Reached skill level 12 in Air Magic
 14299 | D:10     | Entered Level 10 of the Dungeon
 14335 | D:10     | Identified the +3 buckler of a bailey {Str+6}
 14436 | D:10     | Learned a level 3 spell: Confusing Touch
 14571 | D:10     | Identified the +10 spear of Descent {spect, Dex+3}
 14682 | D:10     | Reached XP level 11. HP: 63/74 MP: 17/24
 14811 | D:10     | Reached skill level 1 in Hexes
 14902 | D:10     | Reached skill level 1 in Shields
 15307 | D:11     | Noticed a boulder beetle
 15321 | D:11     | Killed a boulder beetle
 15676 | D:11     | Noticed a boulder beetle
 15687 | D:11     | Killed a boulder beetle
 15819 | D:11     | Found a staircase to the Lair.
 15886 | D:11     | Noticed Gastronok
 15900 | D:11     | Killed Gastronok
 16063 | D:11     | Reached skill level 5 in Evocations
 16366 | D:11     | Learned a level 3 spell: Call Canine Familiar
 16370 | D:11     | Learned a level 3 spell: Summon Guardian Golem
 16680 | Lair:1   | Entered Level 1 of the Lair of Beasts
 16682 | Lair:1   | Identified a scroll of acquirement
 16682 | Lair:1   | Acquired the ring of the Jackalope {Str+4 Dex+6 SInv}
 16691 | Lair:1   | Found a dark tunnel.
 16717 | Volcano  | Entered a volcano
 16724 | Volcano  | HP: 1/74 [efreet/bolt of fire (24)]
 16725 | Volcano  | Mangled by an efreet

Illustrated notes

Levels and vault maps discovered:
D:1:      dpeg_arrival_prison, layout_loops_cross
D:2:      layout_loops_ring, basic_ecumenical_altar, uniq_sigmund
D:3:      layout_basic, lemuel_doored_altar, lemuel_coloured_pillars_altar,
          serial_shops, shop
D:4:      layout_loops_ring, nicolae_ru_path_of_blood
D:5:      layout_loops_ring, minmay_temple_entry_mini_moons, minmay_mini_ossuary
D:6:      layout_cave_pools, st_stairs_2, minmay_misc_feat_hallway
D:7:      layout_basic, minitemple, gammafunk_ghost_smash
D:8:      layout_loops_ring, minmay_chambers_of_fives
D:9:      layout_loops_ring, gammafunk_ghost_split, uniq_grum
D:10:     layout_basic, nicolae_figureground_sparkle
D:11:     layout_basic, erik_lair_island, uniq_gastronok
Temple:   nicolae_temple_figure_zero
Lair:1:   layout_gridlike, nicolae_volcano_entry_two_sided
Volcano:  volcano_aerie

Skill      XL: |  1  2  3  4  5  6  7  8  9 10 11 |
---------------+----------------------------------+-----
Air Magic      | 4 5 6 7 8 10 12 | 12.0
Conjurations   | 2 3 4 6 |  6.0
Spellcasting   | 3 5 6 9 |  9.9
Dodging        | 2 3 |  3.0
Invocations    | 3 |  3.0
Evocations     | 3 5 |  5.1
Hexes          | 3 |  3.0
Shields        | 3 |  3.0
Stealth        | |  1.7
Summonings     | |  0.7

Action                   |  1- 3 |  4- 6 |  7- 9 | 10-12 || total
-------------------------+-------+-------+-------+-------++-------
Melee: Spear             |     1 |       |       |       ||     1
       Whip              |     6 |     1 |    16 |    15 ||    38
       Tailslap          |     1 |       |     3 |     2 ||     6
 Cast: Shock             |    52 |    59 |   114 |    56 ||   281
       Static Discharge  |    13 |    36 |    64 |   104 ||   217
       Airstrike         |       |       |    26 |    33 ||    59
       Swiftness         |       |       |     1 |       ||     1
       Call Canine Famil |       |       |       |     2 ||     2
       Summon Guardian G |       |       |       |     2 ||     2
Invok: Channel Magic     |       |       |       |     2 ||     2
 Abil: Breathe Acid      |       |       |    17 |     7 ||    24
Evoke: Wand              |       |     2 |     1 |     3 ||     6
       Condenser vane    |       |       |       |     1 ||     1
  Use: Scroll            |       |     3 |    11 |     8 ||    22
       Potion            |       |       |     5 |     1 ||     6
Armor: Skin              |     3 |    13 |    45 |    38 ||    99
Dodge: Dodged            |    18 |    19 |    68 |    41 ||   146
Block: Buckler           |       |       |       |    12 ||    12

Table legend: (Time is in decaauts)
 A = Elapsed time spent in this place.
 B = Non-inter-level travel time spent in this place.
 C = Inter-level travel time spent in this place.
 D = Time resting spent in this place.
 E = Time spent auto-exploring this place.
 F = Levels seen in this place.
 G = Mean time per level.
                   A        B        C        D        E       F      G
               +--------+--------+--------+--------+--------+-----+--------+
         Total |  16741 |  16407 |    334 |   8943 |   3121 |  14 | 1195.8 |
       Dungeon |  16554 |  16231 |    323 |   8943 |   3009 |  11 | 1504.9 |
        Temple |    142 |    131 |     11 |      0 |    112 |   1 |  142.0 |
          Lair |     36 |     36 |      0 |      0 |      0 |   1 |   36.0 |
       Volcano |      7 |      7 |      0 |      0 |      0 |   1 |    7.0 |
               +--------+--------+--------+--------+--------+-----+--------+

Top non-repeatable levels by time:
     D:8: 2545 daAuts
     D:9: 2162 daAuts
     D:5: 1756 daAuts
     D:1: 1655 daAuts
     D:7: 1477 daAuts
    D:11: 1439 daAuts
     D:2: 1283 daAuts
     D:3: 1263 daAuts
     D:4: 1169 daAuts
    D:10: 946 daAuts
     D:6: 854 daAuts
  Temple: 142 daAuts
  Lair:1: 36 daAuts
 Volcano: 7 daAuts
